 Dungeon Crawl Stone Soup version 0.21-a0-513-gdcb3f5e (webtiles) character file.

72 Megalobster the Covered (level 4, -8/42 HPs)
             Began as a Deep Dwarf Fighter on Dec 2, 2017.
             Mangled by Crazy Yiuf
             ... wielding a +4 quarterstaff of chaos
              (13 damage)
             ... on level 2 of the Dungeon.
             The game lasted 00:05:50 (1394 turns).

Megalobster the Covered (Deep Dwarf Fighter)        Turns: 1394, Time: 00:05:51

Health: -8/42      AC:  7    Str: 20    XL:     4   Next: 7%
Magic:  4/4        EV:  7    Int:  8    God:
Gold:   121        SH:  9    Dex: 13    Spells: 3/3 levels left

rFire    . . .     SeeInvis .   a - +0 war axe
rCold    . . .     Gourm    .   c - +0 shield
rNeg     . . .     Faith    .   b - +0 scale mail
rPois    .         Spirit   .   (no helmet)
rElec    .         Reflect  .   (no cloak)
rCorr    .         Harm     .   (no gloves)
MR       .....                  (no boots)
Stlth    ..........             (no amulet)
HPRegen  0.00/turn              (no ring)
MPRegen  0.09/turn              (no ring)

@: non-regenerating
A: damage resistance, heal wounds, sense surroundings 1, no regeneration
a: Heal Wounds


You were on level 2 of the Dungeon.
You were not hungry.

You visited 1 branch of the dungeon, and saw 2 of its levels.

You collected 121 gold pieces.

Inventory:

Hand Weapons
 a - a +0 war axe (weapon)
Armour
 b - a +0 scale mail (worn)
 c - a +0 shield (worn)
Jewellery
 p - an uncursed amulet of faith {unknown}
 s - a +4 ring of strength {unknown}
Scrolls
 e - 4 scrolls of identify {unknown}
 h - 2 scrolls of teleportation {unknown}
 k - 2 scrolls of immolation {unknown}
 l - a scroll of magic mapping {unknown}
 t - a scroll of remove curse {unknown}
Potions
 d - a potion of might
 i - 2 potions of curing {unknown}
 m - a potion of ambrosia {unknown}
 o - a potion of resistance {unknown}
 q - a potion of haste {unknown}
 r - a potion of degeneration {unknown}
Comestibles
 f - a bread ration
 g - a chunk of flesh
 j - a meat ration
 n - a royal jelly


   Skills:
 + Level 3.1 Fighting
 * Level 3.5 Axes
 + Level 3.8 Armour
 + Level 3.8 Shields


You had 3 spell levels left.
You didn't know any spells.

Dungeon Overview and Level Annotations

Branches:
Dungeon (2/15)

Altars:
Trog

Annotations:
D:2 Crazy Yiuf


Innate Abilities, Weirdness & Mutations

You are resistant to damage.
You can heal yourself by infusing magical energy.
You passively map a small area around you.
You do not regenerate.


Message History

Crazy Yiuf zaps a wand.
The puff of flame hits you!
It is a wand of flame (23).
Found a mace.
Crazy Yiuf zaps a wand.
The puff of flame hits you!
There is an open door here.
You slash Crazy Yiuf!
Crazy Yiuf is heavily wounded.
Crazy Yiuf hits you with a quarterstaff of chaos.
Crazy Yiuf zaps a wand.
The puff of flame hits you!
* * * LOW HITPOINT WARNING * * *
Your shield and scale mail prevent you from hitting Crazy Yiuf.
Crazy Yiuf is heavily wounded.
Crazy Yiuf hits you with a quarterstaff of chaos!
* * * LOW HITPOINT WARNING * * *
You closely miss Crazy Yiuf.
Crazy Yiuf is heavily wounded.
You block Crazy Yiuf's attack.
You closely miss Crazy Yiuf.
Crazy Yiuf is heavily wounded.
Crazy Yiuf hits you with a quarterstaff of chaos!
You die...

.#.##.###.........#..## #..#
.#.#.)................# #..#
##.#..###.........#...######..#
.#.........###########........#
..##..###### #.......####
......# ##### #########...
..###.# #..)# #.## .## #.#
#.g.# #.# ## #.# #.@.# #.#
#####.# ##'## #.# ......# ##.#
#.# ####### #.## #.## # ##.#
#... ######## #.## ####
.......##### ##.## ###
.#####.[...# #...## #### ##.##
.# ###...# #.#..# #..# ##...##


You could see Crazy Yiuf.

Vanquished Creatures
  An iguana (D:2)
  An adder (D:2)
  4 worms (D:2)
  A dart slug (D:1)
  A leopard gecko (D:2)
  2 giant cockroaches (D:2)
  5 goblins (D:1)
  A hobgoblin (D:1)
  3 kobolds (D:1)
  A quokka (D:2)
  A bat (D:1)
  A frilled lizard (D:1)
  3 rats
25 creatures vanquished.

Notes
Turn   | Place    | Note
-------+----------+-------------------------------------------
     0 | D:1      | Megalobster the Deep Dwarf Fighter began the quest for the Orb.
     0 | D:1      | Reached XP level 1. HP: 20/20 MP: 1/1
   168 | D:1      | Reached XP level 2. HP: 27/27 MP: 2/2
   740 | D:2      | Noticed a moth of wrath
   743 | D:2      | Found a bloodstained altar of Trog.
   777 | D:2      | Reached XP level 3. HP: 13/33 MP: 3/3
   947 | D:2      | Found a runed door.
  1066 | D:2      | Reached XP level 4. HP: 39/42 MP: 4/4
  1388 | D:2      | Noticed Crazy Yiuf
  1394 | D:2      | Mangled by Crazy Yiuf

Vault maps used:
D:1:      eino_arrival_tree_alley
D:2:      tgw_trog, uniq_crazy_yiuf_cottage

Skill      XL: |  1  2  3 |
---------------+----------+-----
Axes           | 3 |  3.5
Fighting       | 3 |  3.1
Armour         | |  3.8
Shields        | |  3.8

Action                   |  1- 3 |  4- 6 || total
-------------------------+-------+-------++-------
Melee: War axe           |    85 |    15 ||   100
 Abil: Heal Wounds       |     1 |       ||     1
  Eat: Chunk             |     1 |     1 ||     2
Armor: Scale mail        |    29 |     1 ||    30
Dodge: Dodged            |    32 |     1 ||    33
Block: Shield            |    42 |     7 ||    49

Table legend:
 A = Spawn XP
 B = Non-spawn XP
 C = Spawn XP percentage of total XP
 D = Spawn monster count
 E = Non-spawn monster count
 F = Spawn count percentage of total count
 G = Total turns spent on level
                    A         B        C        D         E        F      G
               +---------+---------+-------+---------+---------+-------+---------
         Total |       0 |     104 |   0.0 |       0 |      25 |   0.0 |  1394
               +---------+---------+-------+---------+---------+-------+---------
           D:1 |       0 |      23 |   0.0 |       0 |      13 |   0.0 |   625
           D:2 |       0 |      81 |   0.0 |       0 |      12 |   0.0 |   769
               +---------+---------+-------+---------+---------+-------+---------
